 Dungeon Crawl Stone Soup version 0.29-a0-283-ga02f740833 (webtiles) character file.

Game seed: 13641807497193116190

105 Ajdolov the Slasher (level 4, -3/37 HPs)
             Began as a Merfolk Monk on Mar 13, 2022.
             Slain by an orc
             ... wielding a +0 club
              (4 damage)
             ... on level 3 of the Dungeon.
             The game lasted 00:03:00 (2230 turns).

Ajdolov the Slasher (Merfolk Monk)                  Turns: 2230, Time: 00:03:01

Health: -3/37      AC:  6    Str: 11    XL:     4   Next: 83%
Magic:  4/4        EV: 10    Int:  9    God:
Gold:   75         SH:  0    Dex: 18    Spells: 3/3 levels left

rFire   . . .      SeeInvis .   a - +0 falchion
rCold   . . .      Faith    .   (no shield)
rNeg    . . .      Spirit   .   j - +0 scale mail
rPois   .          Reflect  +   (no helmet)
rElec   .          Harm     .   (no cloak)
rCorr   .          Rampage  .   (no gloves)
Will    .....                   (no boots)
Stlth   ..........              g - amulet of reflection
HPRegen 0.12/turn               (no ring)
MPRegen 0.09/turn               (no ring)

@: confused, mighty
A: (nimble swimmer 2), mertail
a: no special abilities


You were on level 3 of the Dungeon.
You visited 1 branch of the dungeon, and saw 3 of its levels.

You collected 105 gold pieces.
You spent 30 gold pieces at shops.

Inventory:

Hand Weapons
 a - a +0 falchion (weapon)
Armour
 j - a +0 scale mail (worn)
Jewellery
 g - an amulet of reflection (around neck)
Scrolls
 d - 3 scrolls of teleportation {unknown}
 e - 4 scrolls of identify {unknown}
 f - a scroll of torment {unknown}
 h - 2 scrolls of blinking {unknown}
Potions
 b - a potion of might
 i - a potion of brilliance {unknown}
 k - a potion of heal wounds {unknown}
 l - a potion of cancellation {unknown}
 m - a potion of berserk rage {unknown}


   Skills:
 + Level 4.3 Fighting
 * Level 5.7 Long Blades
 - Level 4.0 Dodging
 - Level 2.1 Stealth


You had 3 spell levels left.
You didn't know any spells.
Your spell library contained the following spells:

 Spells                   Type           Power      Damage    Failure   Level
 Scorch                   Fire           0%         2d5       98%         2
 Flame Wave               Conj/Fire      0%         2d4       100%        4
 Summon Cactus Giant      Summ           0%         N/A       100%        6


Dungeon Overview and Level Annotations

Branches:
Dungeon (3/15)

Altars:
Trog

Shops:
D:2 ![*


Innate Abilities, Weirdness & Mutations

((You are very nimble when in or above water. (Stealth+, EV+, Speed+++)))
Your lower body shifts to a powerful aquatic tail in water.


Message History

The orc hits you from afar with a +0 trident.
You slash the orc wizard!
The orc wizard is heavily wounded.
You block the orc wizard's attack. The orc hits you but does no damage.
You hit the orc wizard but do no damage.
The orc wizard is heavily wounded.
The orc wizard hits you but does no damage.
The orc barely misses you.
You hit the orc wizard.
The orc wizard is severely wounded.
You block the orc wizard's attack.
The orc hits you from afar with a +0 trident.
You barely miss the orc wizard.
The orc wizard is severely wounded.
The orc wizard closely misses you.
The orc hits you from afar with a +0 trident!
* * * LOW HITPOINT WARNING * * *
You hit the orc wizard.
The orc wizard is almost dead.
The orc wizard points at you and mumbles some strange words.
You are confused.
The orc closely misses you.
The orc hits you from afar with a +0 trident.
* * * LOW HITPOINT WARNING * * *
You hit the orc wizard.
You kill the orc wizard!
The orc barely misses you. The orc closely misses you.
You completely miss the orc. The orc barely misses you.
The orc hits you but does no damage. x2
You're too confused to move!
The orc barely misses you.
The orc hits you from afar with a +0 trident.
* * * LOW HITPOINT WARNING * * *
The orc closely misses you.
You bump into the rock wall.
The orc closely misses you. x2
The orc hits you from afar with a +0 trident.
* * * LOW HITPOINT WARNING * * *
It was a potion of might.
You feel very mighty all of a sudden. The orc hits you with a +0 club.
You die...

####.##.#.##.#
............# #..#... ...#
#.....####.########## #
#...$...............
#.####...............###
#.....)..).............#
........o###...###...####.
...###...o@....# #........
# #.#o####..###...####.
......................
###.#.###.....#.#.#####
..|............#...
......###.#.#.###.###
...........#.#.###.##
#####.####.#.........#
#....#.###.#.#


You could see 3 orcs.

Vanquished Creatures
  An orc wizard (D:3)
  A worm (D:2)
  6 dart slugs
  An orc (D:3)
  3 endoplasms (D:1)
  4 giant cockroaches
  7 goblins
  4 hobgoblins
  4 jackals (D:1)
  5 kobolds
  6 quokkas
  6 ball pythons
  4 bats
  2 frilled lizards (D:1)
  5 rats
59 creatures vanquished.

Vanquished Creatures (others)
  A withered plant (D:3)
1 creature vanquished.

Grand Total: 60 creatures vanquished

Notes
Turn   | Place    | Note
-------+----------+-------------------------------------------
     0 | D:1      | Ajdolov the Merfolk Monk began the quest for the Orb.
     0 | D:1      | Reached XP level 1. HP: 18/18 MP: 1/1
    48 | D:1      | Reached skill level 4 in Long Blades
    58 | D:1      | Reached XP level 2. HP: 19/24 MP: 2/2
   511 | D:1      | Reached XP level 3. HP: 21/30 MP: 3/3
  1299 | D:2      | Found Osot's Assorted Antiques.
  1313 | D:2      | Reached skill level 5 in Long Blades
  1404 | D:2      | Found a faded altar of an unknown god.
  1415 | D:2      | Reached XP level 4. HP: 36/37 MP: 4/4
  1471 | D:2      | Found Feukk's Distillery.
  1472 | D:2      | Found Omuos's Antique Armour Boutique.
  1482 | D:2      | Bought a potion of curing for 30 gold pieces
  1554 | D:2      | Found a bloodstained altar of Trog.
  2229 | D:3      | HP: 1/37 [orc/+0 trident (2)]
  2230 | D:3      | Slain by an orc

Illustrated notes

Levels and vault maps discovered:
D:1:      dpeg_arrival_oval, layout_basic, hex_large, minivault_14,
          supply_closet_lemuel
D:2:      layout_rooms, serial_aquarium, aquarium_bridge_square
          [aquarium_subvault_wall, aquarium_subvault_bridge,
          aquarium_subvault_balcony, aquarium_subvault_wall],
          aquarium_bridge_square [aquarium_subvault_window,
          aquarium_subvault_wall, aquarium_subvault_bridge,
          aquarium_subvault_wall], aquarium_window_fake,
          aquarium_window_corridor_2, aquarium_window_corner, aquarium_view_4,
          aquarium_pool_four, basic_altar, shapermc_ecumenical_altar_pompeii,
          serial_shops, shop, shop, nicolae_shop_stone,
          kennysheep_generic_room_4
D:3:      cheibrodos_fertilizer, layout_basic, serial_undead, serial_undead_a,
          serial_undead_f, serial_undead_c, serial_undead_b, uniq_terence

Skill      XL: |  1  2  3 |
---------------+----------+-----
Long Blades    | 4 5 |  5.7
Fighting       | 4 |  4.3
Dodging        | |  4.0
Stealth        | |  2.1

Action                   |  1- 3 |  4- 6 || total
-------------------------+-------+-------++-------
Melee: Falchion          |   125 |    62 ||   187
       Punch             |     1 |     1 ||     2
  Use: Potion            |     1 |     2 ||     3
 Stab: Sleeping          |     3 |       ||     3
Armor: Robe              |     3 |       ||     3
       Leather armour    |    18 |       ||    18
       Scale mail        |       |    32 ||    32
Dodge: Dodged            |    82 |    36 ||   118
Block: Other             |     7 |    16 ||    23
       Reflection        |     1 |       ||     1

Table legend: (Time is in decaauts)
 A = Elapsed time spent in this place.
 B = Non-inter-level travel time spent in this place.
 C = Inter-level travel time spent in this place.
 D = Time resting spent in this place.
 E = Time spent auto-exploring this place.
 F = Levels seen in this place.
 G = Mean time per level.
                   A        B        C        D        E       F      G
               +--------+--------+--------+--------+--------+-----+--------+
         Total |   2235 |   2185 |     50 |    161 |   1542 |   3 |  745.0 |
       Dungeon |   2235 |   2185 |     50 |    161 |   1542 |   3 |  745.0 |
               +--------+--------+--------+--------+--------+-----+--------+

Top non-repeatable levels by time:
     D:1: 1305 daAuts
     D:2: 849 daAuts
     D:3: 81 daAuts
